 Dungeon Crawl Stone Soup version 0.32-a0-120-gfac0567ad4 (webtiles) character file.

Game seed: 7998364125739606088

44820 Adrian566 the Severer (level 14, 0/129 HPs)
             Began as a Hill Orc Fighter on Feb 6, 2024.
             Was the Champion of Beogh.
             Slain by an orc warlord
             ... wielding a +0 bardiche
              (14 damage)
             ... on level 2 of the Orcish Mines on Feb 7, 2024.
             The game lasted 00:22:45 (17004 turns).

Adrian566 the Severer (Hill Orc Fighter)           Turns: 17004, Time: 00:22:47

Health: 0/129      AC: 29    Str: 24    XL:     14   Next: 30%
Magic:  15/15      EV:  8    Int: 14    God:    Beogh [******]
Gold:   1630       SH: 13    Dex:  8    Spells: 13/13 levels left

rFire   + . .        a - +1 war axe (venom)
rCold   . . .        L - +2 kite shield {rPois}
rNeg    . . .        D - +3 plate armour {rPois}
rPois   +            k - +0 helmet
rElec   .            K - +4 cloak "Pymoten" {^Drain rPois rF+}
rCorr   .            t - +0 pair of gloves
SInv    .            V - +0 pair of boots
Will    +....        F - amulet of regeneration Stlth
                     p - +6 ring of intelligence
HPRegen 1.21/turn    (no ring)
MPRegen 0.14/turn

%: no passive effects
@: no status effects
A: walk on water, clumsy 1, MP-powered wands
a: Renounce Religion, Smiting, Recall Orcish Followers, Give Item to Named
Follower, Resurrection


You were on level 2 of the Orcish Mines.
You worshipped Beogh.
Beogh was exalted by your worship.
You visited 2 branches of the dungeon, and saw 17 of its levels.
You also visited: Bailey.

You collected 1630 gold pieces.

Inventory:

Hand Weapons
 a - a +1 war axe of venom (weapon)
 u - a +0 war axe of flaming
Missiles
 m - 2 throwing nets (quivered)
Armour
 k - a +0 helmet (worn)
 t - a +0 pair of gloves (worn)
 D - a +3 plate armour of poison resistance (worn)
 K - the +4 cloak "Pymoten" (worn) {^Drain rPois rF+}
   (You found it in a bailey)

   rF+:       It protects you from fire.
   rPois:     It protects you from poison ^Drain: It drains your maximum health
   when unequipped.
 L - a +2 kite shield of poison resistance (worn)
 V - a +0 pair of boots (worn)
Jewellery
 g - a ring of magical power
 l - a ring of positive energy
 p - a +6 ring of intelligence (left hand)
 F - an amulet of regeneration (around neck)
 H - a +5 ring of evasion
 M - a ring of protection from cold
 N - a ring of poison resistance
 S - a ring of protection from cold
 W - an amulet of regeneration
Wands
 n - a wand of iceblast (19)
 x - a wand of charming (29)
 z - a wand of polymorph (8)
 A - a wand of mindburst (21)
 R - a wand of digging (5)
 T - a wand of acid (6)
Scrolls
 b - 2 scrolls of identify
 c - 3 scrolls of enchant armour
 h - 5 scrolls of poison
 i - 2 scrolls of immolation
 j - 9 scrolls of teleportation
 v - a scroll of brand weapon
 B - 3 scrolls of amnesia
 C - a scroll of torment {unknown}
 E - 2 scrolls of blinking
 I - a scroll of fear
 J - a scroll of fog
 U - a scroll of enchant weapon
Potions
 d - 2 potions of might
 f - 2 potions of enlightenment
 o - 2 potions of cancellation
 q - 3 potions of curing
 r - 2 potions of degeneration
 s - 2 potions of magic
 w - a potion of mutation
 G - a potion of brilliance
 O - a potion of attraction
 P - a potion of lignification
 Q - a potion of ambrosia {unknown}
Miscellaneous
 e - a phantom mirror
 y - a sack of spiders


   Skills:
 + Level 13.4 Fighting
 + Level 17.7 Axes
 + Level 13.1 Armour
 + Level 4.8 Dodging
 + Level 5.5 Stealth
 + Level 11.7 Shields
 + Level 2.5 Invocations


You had 13 spell levels left.
You didn't know any spells.
Your spell library contained the following spells:

 Spells                   Type           Power      Damage    Failure   Level
 Apportation              Tloc           0%         N/A       99%         1
 Ensorcelled Hibernation  Hex/Ice        0%         N/A       100%        2
 Jinxbite                 Hex            0%         N/A       100%        2
 Fugue of the Fallen      Necr           0%         N/A       100%        3
 Gell's Gravitas          Tloc           0%         N/A       100%        3
 Teleport Other           Tloc           0%         N/A       100%        3
 Volatile Blastmotes      Fire/Tloc      0%         2d10      100%        3
 Anguish                  Hex/Necr       0%         N/A       100%        4
 Fulminant Prism          Conj/Alch      0%         3d5       100%        4
 Iskenderun's Mystic Bla  Conj/Tloc      0%         2d3       100%        4
 Alistair's Intoxication  Alch           0%         N/A       100%        5
 Borgnjor's Vile Clutch   Necr/Erth      0%         N/A       100%        5
 Yara's Violent Unravell  Hex/Alch       0%         3d3       100%        5
 Dispersal                Tloc           0%         N/A       100%        6
 Eringya's Noxious Bog    Alch           0%         4d6       100%        6
 Enfeeble                 Hex            0%         N/A       100%        7


Dungeon Overview and Level Annotations

Branches:
Dungeon (15/15)            Temple (0/1) D:5            Lair (0/5) D:9
    Orc (2/2) D:9             Elf (0/3) Orc:2        Vaults (0/5) D:13
 Depths (0/4) D:15         Bailey (visited)

Altars:
Ashenzari
Cheibriados
Dithmenos
Fedhas
Gozag
Hepliaklqana
Kikubaaqudgha
Makhleb
Nemelex Xobeh
Qazlal
Ru
Sif Muna
Uskayaw
Wu Jian
Xom
Zin
The Shining One
Beogh

Shops:
D:5 [   D:9 (   D:11 (   Orc:2 (


Innate Abilities, Weirdness & Mutations

You can walk on water.
You are clumsy. (Dex -2)
You expend magic power (3 MP) to strengthen your wands.


Message History

The orc knight is lightly wounded.
You slash the kobold blastminer! You slash the orc warlord!
The orc warlord looks as sick as possible!
You block the orc knight's attack. You block the orc warlord's attack.
Unknown command.
You hit the kobold blastminer but do no damage.
The kobold blastminer is moderately wounded.
You closely miss the orc warlord.
You hit the orc knight but do no damage.
The kobold blastminer blasts its cannon at you.
The iron shot hits you!!
Unknown command.
You are too injured to fight recklessly!
Unknown command.
You are too injured to fight recklessly!
Unknown command.
You are too injured to fight recklessly!
Unknown command.
You are too injured to fight recklessly!
Unknown command.
You are too injured to fight recklessly!
You hit the orc warlord but do no damage.
The orc warlord is lightly wounded.
You hit the orc knight. You hit the kobold blastminer.
The kobold blastminer is poisoned.
The orc knight hits you but does no damage.
The orc warlord hits you with a +0 bardiche!
Unknown command.
You swap places.
The kobold blastminer shoots a bolt.
The bolt hits your orc!!
Your orc dies!
Your orc priest closely misses the orc knight.
The orc warlord hits you from afar with a +0 bardiche!!
* * * LOW HITPOINT WARNING * * *
The orc knight hits you with a +0 battleaxe!
* * * LOW HITPOINT WARNING * * *
The orc knight hits your orc priest with a +0 battleaxe!!
Your orc priest dies!
The orc warlord hits you from afar with a +0 bardiche!
You die...
Beogh appreciates the orc warlord's killing of a heretic priest.

#############
######oo.....#∩..# ######
≈≈§.o#o##'##.#.K.# ##..~≈≈
≈§≈.(oo#...#.#.o.# .'..oo≈
≈≈≈..###..o#.##o###+##
.#..~≈≈
######.'.oooo.oo@....+
######
#.#...###'############ ##
#### #.#...#.....#..###...#
###≈ ..o#
#o#####.....#..o....#####≈≈#
.oo###o#
#..⌠..'.o..o....##≈~≈≈


.oooooo# #.....#....o....###~~≈ .oo##### #.....#...o......♣.~~~ ..o# ##
#######.........o...~~ #### ..##..........o.....o♣... You could see an orc
warlord (strong, extremely poisoned, ally target), an orc knight (very
poisoned), a kobold blastminer (very poisoned), 2 friendly orc warriors, 3
friendly orc priests, a friendly orc wizard and a friendly orc.

Vanquished Creatures
  An orc warlord (Orc:2)
  A centaur warrior (D:14)
  7 two-headed ogres
  A tengu warrior (D:14)
  2 orc high priests (Orc:2)
  A storm dragon zombie (D:15)
  A storm dragon skeleton (D:15)
  2 deep elf zephyrmancers (Orc:1)
  A necromancer (D:15)
  A deep elf archer (Orc:1)
  2 orc knights
  4 ugly things
  A deep elf pyromancer (Orc:1)
  4 cyclopes
  3 orc sorcerers
  5 kobold blastminers
  Maggie (D:6)
  A kobold demonologist (D:14)
  A troll (D:14)
  A hornet (D:11)
  Prince Ribbit (D:7)
  3 shadows
  4 slime creatures
  Sigmund (D:2)
  12 yaks
  2 water elementals (D:15)
  2 steam dragons
  A warg (Orc:1)
  An acid dragon (D:10)
  A water moccasin (D:9)
  2 ice beasts
  12 orc warriors
  A black bear (D:6)
  2 laughing skulls
  9 ogres
  A centaur (D:11)
  A phantom (D:8)
  3 kobold brigands
  5 bullfrogs
  2 gnoll sergeants
  4 scorpions
  10 wights
  5 killer bees (D:10)
  2 electric eels (D:15)
  4 howler monkeys
  3 jellies
  5 hounds
  4 bombardier beetles
  2 gnoll boudas (D:4)
  11 orc priests
  Crazy Yiuf (D:2)
  2 iguanas
  13 orc wizards
  13 gnolls
  5 adders
  2 white imps
  2 ufetubi (D:5)
  8 dart slugs
  5 ribbon worms
  23 orcs
  10 bats
  3 endoplasms
  3 giant cockroaches
  4 goblins
  5 hobgoblins
  3 quokkas
  6 ball pythons
  4 frilled lizards
  20 kobolds
  A rat (D:3)
290 creatures vanquished.

Vanquished Creatures (collateral kills)
  An orc warlord (Orc:1)
  3 ogre magi
  Erolcha (D:13)
  2 centaur warriors (D:15)
  A boulder beetle (D:14)
  10 two-headed ogres
  An occultist (D:15)
  A storm dragon zombie (D:15)
  5 skeletal warriors
  A flayed ghost (D:15)
  A harpy (shapeshifter) (D:13)
  2 deep elf zephyrmancers
  3 cyclopes
  3 deep elf pyromancers
  An orc knight (Bailey)
  5 ugly things
  An orc sorcerer (Orc:2)
  4 kobold blastminers
  7 slime creatures
  A gargoyle (D:12)
  A kobold demonologist (D:11)
  An efreet (D:14)
  2 komodo dragons
  Psyche (D:11)
  2 trolls
  A shadow (D:12)
  16 yaks
  2 wraiths (D:11)
  A steam dragon (D:10)
  3 wargs
  2 vampire mosquitoes (D:13)
  A water moccasin (D:9)
  An acid dragon (D:8)
  12 orc warriors
  2 laughing skulls
  8 ogres
  11 centaurs
  5 bullfrogs (D:9)
  2 kobold brigands
  A gnoll sergeant (D:10)
  3 wights
  4 killer bees (D:10)
  An electric eel (D:10)
  7 howler monkeys
  A crimson imp (D:9)
  2 orc priests (Orc:2)
  5 gnolls
  28 orcs
  8 kobolds
188 creatures vanquished.

Vanquished Creatures (others)
  An orc warlord (Orc:1)
  3 orc knights
  An orc high priest (Orc:1)
  2 orc sorcerers
  13 orc warriors
  A centaur (D:15)
  11 orc priests
  6 orc wizards
  31 orcs
69 creatures vanquished.

Grand Total: 547 creatures vanquished

Notes
Turn   | Place    | Note
-------+----------+-------------------------------------------
     0 | D:1      | Adrian566 the Hill Orc Fighter began the quest for the Orb.
     0 | D:1      | Reached XP level 1. HP: 19/19 MP: 1/1
   290 | D:1      | Reached skill level 3 in Axes
   311 | D:1      | Reached XP level 2. HP: 24/27 MP: 2/2
   753 | D:2      | Reached XP level 3. HP: 33/33 MP: 3/3
   839 | D:2      | You fall into a shaft and drop 1 floor!
   857 | D:3      | Found a broken altar of Ashenzari.
  1061 | D:3      | Found a hide-covered altar of Uskayaw.
  1148 | D:3      | Reached skill level 4 in Axes
  1151 | D:3      | Reached XP level 4. HP: 40/40 MP: 4/4
  1338 | D:3      | Found a hazy altar of Hepliaklqana.
  1338 | D:3      | Found a faded altar of an unknown god.
  1749 | D:2      | Noticed Sigmund
  1765 | D:2      | Killed Sigmund
  1766 | D:2      | Reached skill level 5 in Axes
  1766 | D:2      | Reached skill level 1 in Dodging
  1766 | D:2      | Reached XP level 5. HP: 26/47 MP: 5/5
  1766 | D:2      | Reached XP level 6. HP: 29/53 MP: 6/6
  2019 | D:2      | Found a runed translucent door.
  2020 | D:2      | Noticed Crazy Yiuf
  2184 | D:2      | Reached skill level 10 in Axes
  2184 | D:2      | Reached XP level 7. HP: 66/66 MP: 7/7
  2193 | D:2      | Killed Crazy Yiuf
  2462 | D:4      | Became a worshipper of Beogh the Brigand
  3450 | D:5      | Entered Level 5 of the Dungeon
  3473 | D:5      | Found Vamirea's Armour Boutique.
  3604 | D:5      | Reached * piety under Beogh
  3605 | D:5      | Reached XP level 8. HP: 73/73 MP: 8/8
  3800 | D:5      | Found a staircase to the Ecumenical Temple.
  4384 | D:6      | Reached skill level 11 in Axes
  4680 | D:6      | Noticed Maggie
  4688 | D:6      | Killed Maggie
  4689 | D:6      | Reached XP level 9. HP: 61/80 MP: 9/9
  4872 | D:6      | Reached ** piety under Beogh
  4947 | D:6      | Found a glowing golden altar of the Shining One.
  5333 | D:7      | Found a blossoming altar of Fedhas.
  5349 | D:7      | Noticed Prince Ribbit
  5378 | D:7      | Killed Prince Ribbit
  5701 | D:7      | Reached skill level 12 in Axes
  6389 | D:8      | Noticed a two-headed ogre
  6401 | D:8      | Killed a two-headed ogre
  6402 | D:8      | Reached XP level 10. HP: 19/90 MP: 10/10
  6629 | D:8      | Reached *** piety under Beogh
  6873 | D:8      | Found a shadowy altar of Dithmenos.
  6938 | D:8      | Reached skill level 13 in Axes
  7395 | D:8      | Found a sparkling altar of Nemelex Xobeh.
  7447 | D:8      | Found an ornate altar of the Wu Jian Council.
  7526 | D:9      | Found a glowing silver altar of Zin.
  7547 | D:9      | Found Bunoaw's Weapon Shoppe.
  7554 | D:9      | Found a staircase to the Orcish Mines.
  7629 | D:9      | Reached XP level 11. HP: 81/95 MP: 11/11
  7636 | D:9      | Reached skill level 14 in Axes
  7709 | D:9      | Reached **** piety under Beogh
  7721 | D:9      | Found a staircase to the Lair.
  7908 | D:9      | Noticed a white ugly thing
  7922 | D:9      | Killed a white ugly thing
  8194 | D:9      | Found a snail-covered altar of Cheibriados.
  8500 | D:9      | Found a burning altar of Makhleb.
  8501 | D:9      | Found a shimmering altar of Xom.
  8780 | D:10     | Entered Level 10 of the Dungeon
  8797 | D:10     | Found a flagged portal.
  8820 | Bailey   | Entered a bailey
  8877 | Bailey   | Found a large runed translucent door.
  8877 | Bailey   | Found a large runed translucent door.
  8878 | Bailey   | Noticed a deep elf zephyrmancer
  8928 | Bailey   | Noticed an orc knight
  8943 | Bailey   | Killed an orc knight
  9573 | Bailey   | Killed a deep elf zephyrmancer
  9581 | Bailey   | Identified the +0 ring mail "Iffodedgh" {*Corrode rF+ Int+3
                  | Dex+3}
  9584 | Bailey   | Identified the +4 cloak "Pymoten" {^Drain rPois rF+}
  9729 | D:10     | Found a sacrificial altar of Ru.
  9729 | D:10     | Found a stormy altar of Qazlal.
  9746 | D:10     | Noticed a two-headed ogre
  9751 | D:10     | Killed a two-headed ogre
  9878 | D:10     | Reached ***** piety under Beogh
 10113 | D:10     | Found a shimmering blue altar of Sif Muna.
 10355 | D:10     | Reached skill level 15 in Axes
 10981 | D:11     | Noticed Psyche
 10994 | D:11     | Killed Psyche
 11105 | D:11     | Noticed a cyclops
 11112 | D:11     | Killed a cyclops
 11113 | D:11     | Reached skill level 1 in Invocations
 11262 | D:11     | Found Atre's Antique Weapon Shop.
 11491 | D:11     | Reached skill level 10 in Fighting
 11621 | D:12     | Reached XP level 12. HP: 96/106 MP: 12/12
 11924 | D:12     | Gained Warbeogh as an ally
 11925 | D:12     | Reached skill level 10 in Armour
 12295 | D:13     | Reached skill level 16 in Axes
 12552 | D:13     | Noticed a two-headed ogre
 12553 | D:13     | Noticed a two-headed ogre
 12554 | D:13     | Noticed an ogre mage
 12557 | D:13     | Killed a two-headed ogre
 12561 | D:13     | Killed a two-headed ogre
 12563 | D:13     | Killed an ogre mage
 12577 | D:13     | Found a gate to the Vaults.
 12624 | D:13     | Noticed Erolcha
 12632 | D:13     | Killed Erolcha
 12952 | D:13     | Gained mutation: You are clumsy. (Dex -2) [potion of
                  | mutation]
 12952 | D:13     | Lost mutation: You are clumsy. (Dex -2) [potion of
                  | mutation]
 12952 | D:13     | Gained mutation: You are partially covered in iridescent
                  | scales. (AC +2) [potion of mutation]
 12953 | D:13     | Lost mutation: You are partially covered in iridescent
                  | scales. (AC +2) [potion of mutation]
 12953 | D:13     | Gained mutation: You are clumsy. (Dex -2) [potion of
                  | mutation]
 12953 | D:13     | Gained mutation: You expend magic power (3 MP) to
                  | strengthen your wands. [potion of mutation]
 13225 | D:14     | Noticed a boulder beetle
 13237 | D:14     | Killed a boulder beetle
 13238 | D:14     | Reached skill level 10 in Shields
 13261 | D:14     | Found an opulent altar of Gozag.
 13423 | D:14     | Reached skill level 5 in Stealth
 13452 | D:14     | Noticed a tengu warrior
 13457 | D:14     | Killed a tengu warrior
 13541 | D:14     | Found an ancient bone altar of Kikubaaqudgha.
 13701 | D:14     | Noticed a centaur warrior
 13710 | D:14     | Killed a centaur warrior
 14077 | D:15     | Entered Level 15 of the Dungeon
 14091 | D:15     | Killed an occultist
 14092 | D:15     | Reached XP level 13. HP: 116/116 MP: 13/13
 14324 | D:15     | Paralysed by an ogre mage for 4 turns
 14338 | D:15     | Reached skill level 17 in Axes
 14514 | D:15     | Found a staircase to the Depths.
 15410 | Orc:1    | Entered Level 1 of the Orcish Mines
 15450 | Orc:1    | Reached ****** piety under Beogh
 15617 | Orc:1    | Noticed an orc warlord
 15638 | Orc:1    | Killed an orc warlord
 15638 | Orc:1    | Your ally Warbeogh died
 15646 | Orc:1    | Reached XP level 14. HP: 65/127 MP: 15/15
 15995 | Orc:2    | Entered Level 2 of the Orcish Mines
 16255 | Orc:2    | Identified the +10 shortbow of Crusades {elec, rC+ Int+2}
 16352 | Orc:2    | Found a staircase to the Elven Halls.
 16468 | Orc:2    | Noticed an orc warlord
 16474 | Orc:2    | Found a roughly hewn altar of Beogh.
 16744 | Orc:2    | Paralysed by an orc sorcerer for 4 turns
 16852 | Orc:2    | Found a roughly hewn altar of Beogh.
 16997 | Orc:2    | Found Zyuwk's Weapon Emporium.
 16997 | Orc:2    | Noticed an orc warlord
 17004 | Orc:2    | Slain by an orc warlord

Illustrated notes

Levels and vault maps discovered:
D:1:      ncdulo_wetmaze, layout_basic, minmay_heptomino_l4
D:2:      layout_basic, hangedman_decor_slide_cut, uniq_sigmund,
          uniq_crazy_yiuf_cottage
D:3:      layout_rooms, beargit_hepliaklqana_dungeon_heroes,
          mainiacjoe_overflow_cross_hatched, nicolae_uskayaw_suspiria,
          minivault_14
D:4:      minmay_wonky_spiral, layout_basic, chequers_serial_rivers_room_b,
          minmay_misc_feat_doors
D:5:      layout_gridville, minmay_temple_entry_proselytizer, serial_shops,
          nicolae_lakefront_shop
D:6:      layout_rooms, mainiacjoe_overflow_catwalk, serial_park_tiny_1,
          chequers_serial_rivers_large_a, uniq_maggie
D:7:      layout_basic, fedhas_ov_isle_minmay, uniq_prince_ribbit1
D:8:      layout_cave_pools, grunt_dithmenos_shadows,
          mainiacjoe_overflow_alcove_4, nzn_wu_jian_council_hall
D:9:      layout_basic, grunt_temple_overflow_champion_of_chaos,
          mainiacjoe_overflow_24_doors, lemuel_doored_altar,
          due_lair_maze_entry_diamond, orc_david_3
D:10:     layout_long_grid, nicolae_overflow_hidden_temple,
          jmf_multi_god_temple, enter_bailey_2, kennysheep_generic_room_6
D:11:     layout_irregular_city, serial_glass, glass_columns_a, glass_columns_a,
          due_unseen_surprise, serial_shops, nicolae_lakefront_shop, uniq_psyche
D:12:     layout_basic
D:13:     layout_irregular_city, david_vaults_2, uniq_erolcha
D:14:     layout_long_grid, grunt_gozag_breadcrumbs, kiku_gazebo_pond_becter
D:15:     gammafunk_depths_entry_grave, layout_loops_ring, serial_bayou_lake_a
Orc:1:    layout_diamond_mine, elf_legates
Orc:2:    pubby_orc_utopia

Skill      XL: |  1  2  3  4  5  6  7  8  9 10 11 12 13 14 |
---------------+-------------------------------------------+-----
Axes           | 3 4 5 10 11 12 13 15 16 17 | 17.7
Fighting       | 4 7 8 10 11 12 13 | 13.4
Armour         | 4 7 8 9 11 12 13 | 13.1
Dodging        | 1 4 |  4.8
Shields        | 4 6 7 8 9 10 11 | 11.7
Stealth        | 4 5 |  5.5
Invocations    | 1 2 |  2.5

Action                     |  1- 3 |  4- 6 |  7- 9 | 10-12 | 13-15 || total
---------------------------+-------+-------+-------+-------+-------++-------
  Melee: War axe           |   114 |    63 |   286 |   422 |   341 ||  1226
 Invoke: Convert to Beogh  |       |       |     1 |       |       ||     1
         Recall Orcish Fol |       |       |       |     4 |     1 ||     5
         Resurrection      |       |       |       |       |     1 ||     1
    Use: Potion            |       |     5 |     3 |     5 |    11 ||    24
         Scroll            |       |     7 |     8 |    10 |     3 ||    28
   Stab: Sleeping          |       |       |     5 |       |       ||     5
         Invisible         |       |       |     1 |       |     2 ||     3
         Distracted        |       |       |       |     4 |     2 ||     6
 Armour: Scale mail        |    88 |    38 |    81 |       |       ||   207
         Skin              |       |     4 |       |       |       ||     4
         Acid dragon scale |       |       |    44 |       |       ||    44
         Plate armour      |       |       |    13 |   325 |   273 ||   611
  Dodge: Dodged            |    50 |    24 |    76 |   102 |    67 ||   319
  Block: Buckler           |    29 |     6 |       |       |       ||    35
         Kite shield       |       |    20 |   101 |   233 |   178 ||   532

Table legend: (Time is in decaauts)
 A = Elapsed time spent in this place.
 B = Non-inter-level travel time spent in this place.
 C = Inter-level travel time spent in this place.
 D = Time resting spent in this place.
 E = Time spent auto-exploring this place.
 F = Levels seen in this place.
 G = Mean time per level.
                   A        B        C        D        E       F      G
               +--------+--------+--------+--------+--------+-----+--------+
         Total |  16955 |  15920 |   1035 |   1375 |  11731 |  18 |  941.9 |
       Dungeon |  14573 |  13631 |    942 |    876 |  10458 |  15 |  971.5 |
  Orcish Mines |   1552 |   1459 |     93 |      0 |   1062 |   2 |  776.0 |
        Bailey |    828 |    828 |      0 |    499 |    211 |   1 |  828.0 |
               +--------+--------+--------+--------+--------+-----+--------+

Top non-repeatable levels by time:
     D:7: 1472 daAuts
     D:9: 1340 daAuts
    D:10: 1329 daAuts
     D:4: 1216 daAuts
    D:14: 1125 daAuts
     D:2: 1007 daAuts
   Orc:2: 974 daAuts
     D:6: 955 daAuts
    D:15: 896 daAuts
     D:5: 872 daAuts
    D:11: 857 daAuts
  Bailey: 828 daAuts
    D:13: 825 daAuts
     D:8: 744 daAuts
     D:1: 711 daAuts
